 Dungeon Crawl Stone Soup version 0.19-a0-978-g9f5ef2c (webtiles) character file.

46 zxkuqyb the Skirmisher (level 3, -1/24 HPs)
             Began as a Gargoyle Monk on July 13, 2016.
             Shot with a stone by a goblin (3 damage)
             ... led by Robin
             ... on level 1 of the Dungeon.
             The game lasted 00:06:18 (2185 turns).

zxkuqyb the Skirmisher (Gargoyle Monk)              Turns: 2185, Time: 00:06:19

Health: -1/24      AC:  6    Str: 14    XL:     3   Next: 66%
Magic:  3/3        EV: 13    Int: 10    God:
Gold:   0          SH:  0    Dex: 13    Spells: 0 memorised, 2 levels left

rFire  . . .     SeeInvis .       - Unarmed
rCold  . . .     Gourm    .     a - +0 robe
rNeg   + . .     Faith    .     (no shield)
rPois  ∞         Spirit   .     i - +0 helmet
rElec  +         Dismiss  .     (no cloak)
rCorr  .         Reflect  .     (no gloves)
SustAt .         Harm     .     (no boots)
MR     .....                    (no amulet)
Stlth  ++........               (no ring)
                                (no ring)

@: not resistant to hostile enchantments, unstealthy
A: negative energy resistance 1, electricity resistance, unbreathing,
petrification resistance, rot immunity, AC +3
a: no special abilities


You were on level 1 of the Dungeon.
You were very hungry.

You visited 1 branch of the dungeon, and saw 2 of its levels.

Inventory:

Armour
 a - a +0 robe (worn)
 i - a +0 helmet (worn)
Scrolls
 c - a scroll of remove curse {unknown}
 e - 2 scrolls of identify {unknown}
 g - a scroll of blinking {unknown}
Potions
 d - a potion of might {unknown}
 f - a potion of degeneration {unknown}
Comestibles
 b - a bread ration


   Skills:
 + Level 3.8 Fighting
 + Level 2.7 Dodging
 - Level 2.1 Stealth
 * Level 3.8 Unarmed Combat


You had 2 spell levels left.
You didn't know any spells.

Dungeon Overview and Level Annotations

Branches:
Dungeon (2/15)

Altars:

Annotations:
D:2 Robin


Innate Abilities, Weirdness & Mutations

You are resistant to torment.
Your stone body is resilient. (AC +3)
You are immune to poison.
You resist negative energy. (rN+)
You are resistant to electric shocks. (rElec)
You can survive without breathing.
You are immune to petrification.
You are immune to rotting.


Message History

Robin says, "Bow before me, strongest of all the hobgoblins!"
Robin hits you with a spear.
* * * LOW HITPOINT WARNING * * *
The bat hits you but does no damage. The bat barely misses you.
The goblin barely misses you. Robin hits you but does no damage.
Things that are here:
a club; a hobgoblin corpse The goblin no longer looks unusually strong.
The bat hits you but does no damage.
The goblin hits you with a hunting sling.
* * * LOW HITPOINT WARNING * * *
There is a stone staircase leading up here.
You see here a stone.
The bat barely misses you. The goblin hits you but does no damage.
You climb upwards.
There is a stone staircase leading down here.
The goblin shoots a stone.
The stone hits you but does no damage.
You see here a stone.
The goblin shoots a stone.
The stone hits you.
You die...

#.....#.### ########
#(###.#.#.. #......#
#.###.#.#.#
##.####.###.##.......
###..###..........#.#.#
##.#.#.#.#.###.......#.#
#..)......## #.#...#.#..
##.#.#.#.## #.......###
#....).@..# ####.####
##.#.#>#.## #.# ###
#....g....### ##'## #..
###.#.#.#.#..# ##...###.#
#.......(..#.###.....##.#
#.#.#.#.#.##.##.......#.#
#...##.#####.#..........#
#......# #.'...........
######.#####.#...........


You could see a goblin.

Vanquished Creatures
  A dart slug (D:1)
  A ball python (D:1)
  7 bats (D:1)
  3 giant cockroaches (D:1)
  12 goblins (D:1)
  4 hobgoblins
  4 giant newts (D:1)
  5 kobolds (D:1)
  4 rats (D:1)
41 creatures vanquished.

Vanquished Creatures (others)
  A bat (D:1)
1 creature vanquished.

Grand Total: 42 creatures vanquished

Notes
Turn   | Place    | Note
-------+----------+-------------------------------------------
     0 | D:1      | zxkuqyb the Gargoyle Monk began the quest for the Orb.
     0 | D:1      | Reached XP level 1. HP: 14/14 MP: 1/1
   552 | D:1      | Reached XP level 2. HP: 12/19 MP: 2/2
  1135 | D:1      | Reached XP level 3. HP: 22/24 MP: 3/3
  1686 | D:2      | Noticed Robin
  2180 | D:2      | HP: 1/24 [goblin/hunting sling[Robin] (3)]
  2185 | D:1      | Shot with a stone by a goblin

Vault maps used:
D:1:      ncdulo_smallfort, serial_forest, infiniplex_forest_lined_ring,
          infiniplex_forest_corner_1, infiniplex_forest_lined_corner,
          infiniplex_forest_end_3, infiniplex_forest_lined_room_2,
          infiniplex_forest_straight_4, hangedman_decor_points, st_stairs_9
D:2:      nicolae_gozag_cash_rules_everything_around_me, first_bread,
          led_sif_pool, uniq_robin

Action                   || total
-------------------------++-------
Melee: Unarmed           ||   212
       Punch             ||     1
 Stab: Sleeping          ||     1
  Eat: Chunk             ||     3
Armor: Robe              ||   126
Dodge: Dodged            ||   199
